 Dungeon Crawl Stone Soup version 0.27-a0-1555-g0e7b3fb1d2 (webtiles) character file.

Game seed: 2706054975014533308

46 avis the Insei (level 3, -16/24 HPs)
             Began as an Octopode Transmuter on July 15, 2021.
             Demolished by an ogre (22 damage)
             ... on level 4 of the Dungeon.
             The game lasted 00:09:59 (1787 turns).

avis the Insei (Octopode Transmuter)                Turns: 1787, Time: 00:10:00

Health: -16/24     AC:  2    Str: 10    XL:     3   Next: 66%
Magic:  0/6        EV: 19    Int: 15    God:
Gold:   68         SH:  0    Dex: 17    Spells: 2/6 levels left

rFire    . . .     SeeInvis .     - Unarmed
rCold    . . .     Faith    .   (shield currently unavailable)
rNeg     . . .     Spirit   .   (helmet currently unavailable)
rPois    x         Reflect  .   (no amulet)
rElec    .         Harm     .   (no ring)
rCorr    .         Rampage  .   (no ring)
Will     .....                  (no ring)
Stlth    ++........             (no ring)
HPRegen  0.08/turn              (no ring)
MPRegen  0.10/turn              (no ring)
                                (no ring)
                                (no ring)

@: spider-form
A: venomous fangs, almost no armour, (amphibious), 8 rings, tiny, (camouflage
1), (gelatinous body 1), (nimble swimmer 1), (tentacles)
a: End Transformation


You were on level 4 of the Dungeon.
You were a venomous arachnid creature.
You visited 1 branch of the dungeon, and saw 3 of its levels.

You collected 68 gold pieces.

Inventory:

Missiles
 a - 87 stones
 d - 5 atropa-tipped darts
 e - 20 bolts
 j - 47 sling bullets
Magical Staves
 g - a staff of fire
Scrolls
 b - 2 scrolls of identify {unknown}
Potions
 c - a potion of curing {unknown}
 f - a potion of haste {unknown}
 h - 2 potions of heal wounds {unknown}
 i - a potion of might {unknown}


   Skills:
 - Level 2.0 Fighting
 - Level 2.0 Dodging
 - Level 2.0 Stealth
 * Level 3.3 Unarmed Combat
 - Level 2.0 Spellcasting
 - Level 2.0 Transmutations
 - Level 2.0 Poison Magic


You had 2 spell levels left.
You knew the following spells:

 Your Spells              Type           Power      Damage    Failure   Level
a - Beastly Appendage     Tmut           14%        N/A       24%         1
p - Spider Form           Tmut/Pois      3%         N/A       50%         3

Your spell library contained the following spells:

 Spells                   Type           Power      Damage    Failure   Level
 Wereblood                Tmut           7%         N/A       32%         2
 Ice Form                 Ice/Tmut       4%         N/A       93%         4


Dungeon Overview and Level Annotations

Branches:
Dungeon (2/15)

Altars:

Annotations:
D:2 Sigmund
D:4 Natasha


Innate Abilities, Weirdness & Mutations

You are a venomous arachnid creature.
You have poisonous fangs.
You are tiny and dextrous.
Your spellcasting is less reliable in this form.
Your armour is entirely melded.
You are incapable of wielding weapons or throwing items.
You cannot wear most types of armour.
((You are amphibious.))
You can wear up to eight rings at the same time.
((Your skin changes colour to match your surroundings (Stealth+).))
((Your rubbery body absorbs attacks. (AC +1, EV +1)))
((You are camouflaged near water. (Stealth+)))
((You have tentacles for arms and can constrict up to eight enemies at once.))


Message History

You start resting.
HP restored.
Casting: Beastly Appendage (safe; 10% risk of failure)
Confirm with . or Enter, or press ? or * to list all spells.
The spell is extremely dangerous to cast (28% risk of failure)!
Continue anyway?
You miscast Spider Form.
You are very lightly contaminated with residual magic.
Nothing appears to happen.
You start resting.
Your magical contamination has completely faded away.
You start resting.
Magic restored.
Casting: Spider Form (extremely dangerous; 28% risk of failure)
Confirm with . or Enter, or press ? or * to list all spells.
The spell is extremely dangerous to cast (28% risk of failure)!
Continue anyway?
You turn into a venomous arachnid creature.
Natasha, Servant of Life and Death comes into view.
Found 16 gold pieces.
Found an escape hatch in the ceiling.
Found a stone staircase leading up.
Your transformation is almost over.
You see here a +0 flail.
Your transformation has ended.
Casting: Spider Form (extremely dangerous; 28% risk of failure)
Confirm with . or Enter, or press ? or * to list all spells.
The spell is extremely dangerous to cast (28% risk of failure)!
Continue anyway?
You turn into a venomous arachnid creature.
Your transformation is almost over.
The ogre shouts!
You hear an angry hiss.
Your transformation has ended.
You tentacle-slap the ogre but do no damage.
The ogre hits you with a +0 giant club!!
Ouch! That really hurt!
* * * LOW HITPOINT WARNING * * *
Casting: Spider Form (extremely dangerous; 28% risk of failure)
Confirm with . or Enter, or press ? or * to list all spells.
The spell is extremely dangerous to cast (28% risk of failure)!
Continue anyway?
You turn into a venomous arachnid creature.
The ogre hits you with a +0 giant club!!
Ouch! That really hurt!
You die...

....<# #.# ..#...
#.#
...h.<.######.####
..#......$.>O....#
..............##.#
)#....##########.#
.........# #.#
......##.# #O#
....#. #.# #s##
..# #$
#.#######..# . #.
#.)........#
#.###########.#
.... #.# #.... #.#
#....########.#
#...........#.#
#.. #........#


You could see an ogre.

Vanquished Creatures
  An adder skeleton (D:4)
  A worm (D:2)
  A dart slug (D:2)
  A ball python (D:1)
  8 endoplasms
  3 giant cockroaches
  2 goblins
  5 jackals (D:1)
  2 quokkas (D:1)
  4 bats (D:1)
  2 kobolds (D:1)
  4 rats
34 creatures vanquished.

Vanquished Creatures (others)
  A withered plant (D:1)
1 creature vanquished.

Grand Total: 35 creatures vanquished

Notes
Turn   | Place    | Note
-------+----------+-------------------------------------------
     0 | D:1      | avis the Octopode Transmuter began the quest for the Orb.
     0 | D:1      | Reached XP level 1. HP: 13/13 MP: 3/3
    75 | D:1      | Reached skill level 1 in Stealth
   118 | D:1      | Reached XP level 2. HP: 12/18 MP: 3/5
   804 | D:1      | Found a faded altar of an unknown god.
   816 | D:1      | Reached skill level 1 in Poison Magic
   897 | D:1      | Reached XP level 3. HP: 21/24 MP: 4/6
  1203 | D:2      | Noticed Sigmund
  1630 | D:2      | Learned a level 3 spell: Spider Form
  1632 | D:2      | You fall into a shaft and drop 2 floors!
  1658 | D:4      | Noticed an ogre
  1754 | D:4      | Noticed Natasha
  1787 | D:4      | Demolished by an ogre

Illustrated notes

Levels and vault maps discovered:
D:1:      minmay_arrival_shattered_statue, layout_basic,
          ebering_ecumenical_altar_petrified
D:2:      layout_rooms, serial_park_tiny_2, uniq_sigmund
D:4:      layout_loops_ring, uniq_natasha, uniq_crazy_yiuf_cottage

Skill      XL: |  1  2  3 |
---------------+----------+-----
Stealth        | 2 |  2.0
Fighting       | 2 |  2.0
Poison Magic   | 1 2 |  2.0
Dodging        | |  2.0
Unarmed Combat | |  3.3
Spellcasting   | |  2.0
Transmutations | |  2.0

Action                   || total
-------------------------++-------
Melee: Unarmed           ||    63
       Kick              ||    14
       Constrict         ||    15
       Tentacles         ||    10
       Punch             ||     1
 Cast: Beastly Appendage ||    28
       Spider Form       ||     4
 Stab: Sleeping          ||     9
Armor: Skin              ||     2
Dodge: Dodged            ||    32

Table legend: (Time is in decaauts)
 A = Elapsed time spent in this place.
 B = Non-inter-level travel time spent in this place.
 C = Inter-level travel time spent in this place.
 D = Time resting spent in this place.
 E = Time spent auto-exploring this place.
 F = Levels seen in this place.
 G = Mean time per level.
                   A        B        C        D        E       F      G
               +--------+--------+--------+--------+--------+-----+--------+
         Total |   1786 |   1621 |    165 |    598 |    483 |   3 |  595.3 |
       Dungeon |   1786 |   1621 |    165 |    598 |    483 |   3 |  595.3 |
               +--------+--------+--------+--------+--------+-----+--------+

Top non-repeatable levels by time:
     D:1: 1430 daAuts
     D:2: 201 daAuts
     D:4: 154 daAuts
